 Dungeon Crawl Stone Soup version 0.31.0-12-g77e489cdc1 (webtiles) character file.

Game seed: 5588051656048759575

82 Goblin1989 the Sneak (level 4, 0/35 HPs)
             Began as a Demonspawn Delver on Feb 17, 2024.
             Slain by a gnoll
             ... wielding a +0 halberd
              (10 damage)
             ... on level 3 of the Dungeon.
             The game lasted 00:06:10 (2563 turns).

Goblin1989 the Sneak (Demonspawn Delver)            Turns: 2563, Time: 00:06:11

Health: 0/35       AC: 10    Str: 15    XL:     4   Next: 21%
Magic:  4/4        EV: 11    Int: 10    God:
Gold:   62         SH:  0    Dex: 14    Spells: 3/3 levels left

rFire   . . .        a - +0 mace
rCold   . . .        (no shield)
rNeg    . . .        t - +0 leather armour
rPois   .            (no helmet)
rElec   .            q - +0 cloak
rCorr   .            (no gloves)
SInv    .            (no boots)
Will    .....        (no amulet)
Stlth   ++           (no ring)
HPRegen 0.25/turn    (no ring)
MPRegen 0.09/turn

%: no passive effects
@: sanguine armoured
A: sanguine armour 1
a: no special abilities


You were on level 3 of the Dungeon.
You visited 1 branch of the dungeon, and saw 5 of its levels.

You collected 104 gold pieces.
You spent 42 gold pieces at shops.

Inventory:

Hand Weapons
 a - a +0 mace (weapon)
 b - a +0 sling of draining
Armour
 q - a +0 cloak (worn)
 t - a +0 leather armour (worn)
Wands
 g - a wand of digging (3) {@v3}
Scrolls
 c - 2 scrolls of fog
 d - a scroll of revelation
 e - a scroll of fear
 h - 2 scrolls of acquirement {unknown}
 i - 3 scrolls of identify {@r1}
 l - a scroll of poison {unknown}
 r - a scroll of blinking {unknown}
 s - a scroll of teleportation {unknown}
 v - a scroll of noise
Potions
 f - a potion of haste {@q3,}
 k - a potion of brilliance {unknown}
 m - 2 potions of might {unknown}
 o - a potion of attraction {unknown}
 p - a potion of cancellation {unknown}
 u - a potion of magic {unknown}


   Skills:
 - Level 3.0 Fighting
 + Level 4.1 Maces & Flails
 - Level 1.7 Dodging
 - Level 4.5 Stealth


You had 3 spell levels left.
You didn't know any spells.
Your spell library contained the following spells:

 Spells                   Type           Power      Damage    Failure   Level
 Hailstorm                Conj/Ice       0%         3d5       80%         3
 Summon Ice Beast         Ice/Summ       0%         N/A       80%         3
 Sculpt Simulacrum        Ice/Alch       0%         N/A       100%        6


Dungeon Overview and Level Annotations

Branches:
Dungeon (5/15) Zot: 24977
 Temple: D:4-7

Altars:

Shops:
D:2 ?[(*


Innate Abilities, Weirdness & Mutations

When seriously injured, your blood forms armour. (AC +6)


Message History

Throw: 2 darts (poison)
Press: ? - help, Q - select action Shift-Dir - straight line, f - gnoll, p - gnoll
Aim: a gnoll, wielding a +0 spear (60% to hit)
You throw a poisoned dart. The poisoned dart hits the gnoll.
The gnoll is poisoned.
The gnoll is heavily wounded.
Throw: dart (poison)
Press: ? - help, Q - select action Shift-Dir - straight line, f/p - gnoll
Aim: a gnoll, wielding a +0 spear (60% to hit)
You throw a poisoned dart.
The poisoned dart closely misses the gnoll.
The poisoned dart closely misses the gnoll.
The poisoned dart hits the gnoll.
The gnoll is poisoned.
You kill the gnoll!
The gnoll looks more healthy.
There is a stone staircase leading down here.
You sense an unholy aura.
b - a +0 sling of draining (weapon)
Fire: b) +0 sling (drain)
Press: ? - help, Q - select action Shift-Dir - straight line, f/p - gnoll
Aim: a gnoll, wielding a +0 spear (moderately wounded, 60% to hit)
You shoot a sling bullet.
The sling bullet closely misses the gnoll.
The sling bullet barely misses the gnoll.
Fire: b) +0 sling (drain)
Press: ? - help, Q - select action Shift-Dir - straight line, f/p - gnoll
Aim: a gnoll, wielding a +0 spear (moderately wounded, 60% to hit)
You shoot a sling bullet. The sling bullet hits the gnoll.
The gnoll is heavily wounded.
The gnoll closely misses you.
The gnoll hits you from afar with a +0 halberd.
You take 3 damage, and have 18/35 hp.
The gnoll attacks as it pursues you! The gnoll hits you but does no damage.
Fire: b) +0 sling (drain)
Press: ? - help, Q - select action Shift-Dir - straight line, f/p - gnoll
Aim: a gnoll, wielding a +0 spear (lightly wounded, 60% to hit)
You shoot a sling bullet. The sling bullet hits the gnoll.
The gnoll is severely wounded.
The gnoll hits you but does no damage. The gnoll attacks as it pursues you!
The gnoll barely misses you.
Fire: b) +0 sling (drain)
Press: ? - help, Q - select action Shift-Dir - straight line, f/p - gnoll
Aim: a gnoll, wielding a +0 spear (lightly wounded, 60% to hit)
You shoot a sling bullet.
The sling bullet closely misses the gnoll.
The gnoll barely misses you. x2
The gnoll hits you from afar with a +0 halberd!
* * * LOW HITPOINT WARNING * * *
You take 7 damage, and have 12/35 hp.
An orc comes into view. It is wielding a +0 whip.
The gnoll attacks as it pursues you! The gnoll closely misses you.
The gnoll attacks as it pursues you!
The gnoll hits you from afar with a +0 spear.
* * * LOW HITPOINT WARNING * * *
You take 1 damage, and have 11/35 hp.
The gnoll attacks as it pursues you! The gnoll misses you.
The gnoll attacks as it pursues you!
The gnoll hits you from afar with a +0 spear.
* * * LOW HITPOINT WARNING * * *
You take 2 damage, and have 9/35 hp.
The gnoll attacks as it pursues you!
The gnoll hits you from afar with a +0 spear.
* * * LOW HITPOINT WARNING * * *
You take 1 damage, and have 9/35 hp.
The gnoll attacks as it pursues you! The gnoll misses you.
Fire: b) +0 sling (drain)
Press: ? - help, Q - select action Shift-Dir - straight line, f - gnoll, p - gnoll
Aim: a gnoll, wielding a +0 halberd (heavily wounded, 60% to hit)
You shoot a sling bullet.
The sling bullet barely misses the gnoll.
The sling bullet closely misses the gnoll.
The gnoll hits you from afar with a +0 spear.
* * * LOW HITPOINT WARNING * * *
You take 4 damage, and have 6/35 hp.
a - a +0 mace (weapon)
The gnoll hits you but does no damage.
It was a potion of heal wounds.
You feel much better.
Your blood armour dries and flakes away.
The gnoll hits you from afar with a +0 spear!
Your blood congeals into armour.
You regained 11 hp, and now have 17/35 hp.
The gnoll hits you from afar with a +0 halberd!
* * * LOW HITPOINT WARNING * * *
The gnoll hits you but does no damage.
You take 7 damage, and have 10/35 hp.
You hit the gnoll.
The gnoll is moderately wounded.
The gnoll barely misses you. The gnoll hits you with a +0 spear.
* * * LOW HITPOINT WARNING * * *
The gnoll barely misses you.
You take 1 damage, and have 9/35 hp.
You hit the gnoll but do no damage.
The gnoll is moderately wounded.
The gnoll closely misses you. The gnoll hits you but does no damage.
You closely miss the gnoll.
The gnoll is moderately wounded.
The gnoll closely misses you.
The gnoll hits you from afar with a +0 halberd!
You die... ███████████████ █...gg@.......█ █.███████████.█ █.█ █.█ █g████████

█........o
█..██████████████
█..█............█
███████..█.██████████.█


You could see 2 gnolls.

Vanquished Creatures
  A gnoll (D:3)
  3 adders
  A dart slug (D:2)
  A ribbon worm (D:2)
  4 bats
  2 endoplasms (D:2)
  A giant cockroach (D:1)
  4 goblins
  5 hobgoblins
  3 jackals (D:1)
  5 kobolds
  2 quokkas (D:1)
  6 ball pythons
  4 rats
42 creatures vanquished.

Notes
Turn   | Place    | Note
-------+----------+-------------------------------------------
     0 | D:5      | Goblin1989 the Demonspawn Delver began the quest for the
                  | Orb.
     0 | D:5      | Reached XP level 1. HP: 18/18 MP: 1/1
   122 | D:2      | Found Axtaedd's Assorted Antiques.
   218 | D:2      | Gained mutation: When seriously injured, your blood forms
                  | armour. (AC +6) [demonic ancestry]
   218 | D:2      | Reached XP level 2. HP: 11/24 MP: 2/2
   414 | D:2      | Found Rakhlos's Armour Shoppe.
   441 | D:2      | Found Sideatsi's Antique Weapon Shop.
   615 | D:1      | Reached XP level 3. HP: 27/29 MP: 3/3
  1593 | D:2      | Found a transporter.
  1597 | D:2      | Found Coenn's Magic Scroll Shop.
  1886 | D:2      | Found a transporter.
  1927 | D:2      | Bought a scroll of identify for 28 gold pieces
  1927 | D:2      | Bought a scroll of noise for 14 gold pieces
  2401 | D:3      | Reached XP level 4. HP: 27/35 MP: 4/4
  2563 | D:3      | Slain by a gnoll

Illustrated notes

Levels and vault maps discovered:
D:1:      dpeg_arrival_connections, layout_basic
D:2:      layout_loops_cross, serial_shops, shop, shop, nicolae_diamond_shop,
          nicolae_shop_drivethru, st_stairs_3, serial_bayou_lake_a
D:3:      layout_basic, dk_noncrumbling_3
D:4:      minmay_goblin_kobold_castle, layout_layer_cave, uniq_sigmund,
          uniq_robin
D:5:      layout_cave_pools, nicolae_overflow_hallway_of_the_gods

Skill      XL: |  1  2  3 |
---------------+----------+-----
Maces & Flails | 2 3 4 |  4.1
Fighting       | |  3.0
Dodging        | |  1.7
Stealth        | |  4.5

Action                     |  1- 3 |  4- 6 || total
---------------------------+-------+-------++-------
  Melee: Mace              |   160 |     3 ||   163
   Fire: Sling             |       |     7 ||     7
  Throw: Dart              |       |     2 ||     2
    Use: Potion            |       |     1 ||     1
   Stab: Sleeping          |    12 |       ||    12
 Armour: Leather armour    |    86 |    21 ||   107
  Dodge: Dodged            |    97 |    16 ||   113
